AoeStats
← TheScRider

Arabia

510760486Analyzed
2v2 RM · 20h ago on Oct 2, 2026· 47m 10s· 4 players
Game mode
Random Map
Map size
Medium (4 player)
Population
200
Speed
Normal
Resources
Standard
Victory
Conquest
Starting age
Dark Age
Ending age
Imperial Age
RankedLock teamsTeams togetherTeam positionsShared explorationLock speedFull tech treeHidden civsTurbo modeCheats
Victory
Defeat
🇪🇸 Franks · Spain
1309
+13
🇪🇸 Vietnamese · Spain
1301
+14
🇨🇳 Tupi · China
1261
-14
🇮🇹 Franks · Italy
1244
-13
TheScRider
6:52 Loom
9:52 Feudal Age
10:35 Double-Bit Axe
23:37 Castle Age
24:07 Scale Barding Armor
25:22 Chain Barding Armor
25:21 Husbandry
28:38 Devotion
37:00 Forging
46:20 Imperial Age
44:05 Fletching
45:23 Masonry
48:13 Chemistry
my teammate can 1v2
10:29 Feudal Age
9:12 Loom
15:02 Castle Age
13:41 Horse Collar
18:20 Double-Bit Axe
19:18 Fletching
21:43 Bow Saw
21:57 Gold Mining
23:11 Bodkin Arrow
23:16 Padded Archer Armor
25:29 Wheelbarrow
26:00 Ballistics
26:38 Padded Archer Armor
28:32 Leather Archer Armor
30:14 Stone Mining
30:25 Heavy Plow
34:05 Gold Shaft Mining
40:26 Imperial Age
39:35 Champi Runner
40:19 Scale Mail Armor
41:15 Curare
41:45 Conscription
41:41 Treadmill Crane
43:02 Chemistry
43:01 Bracer
44:41 Capped Ram
44:44 Champi Warrior
46:31 Two-Man Saw
46:31 Squires
47:59 Hand Cart
nico el ruso
6:24 Loom
6:46 Loom
9:58 Feudal Age
10:01 Man-at-Arms
11:43 Town Watch
14:57 Double-Bit Axe
17:45 Wheelbarrow
22:45 Castle Age
22:29 Horse Collar
22:50 Crossbowman
23:22 Fletching
23:33 Padded Archer Armor
24:18 Bow Saw
24:13 Bodkin Arrow
25:38 Leather Archer Armor
26:42 Heavy Plow
33:21 Town Patrol
33:43 Hand Cart
39:32 Gold Mining
39:33 Stone Mining
40:16 Ballistics
43:47 Imperial Age
42:21 Town Patrol
42:56 Thumb Ring
45:49 Chemistry
44:51 Bracer
45:15 Paper Money
44:56 Arbalester
46:09 Ring Archer Armor
javier_amador24
6:33 Loom
8:50 Feudal Age
10:47 Double-Bit Axe
21:00 Castle Age
20:30 Forging
20:26 Scale Barding Armor
20:12 Fletching
20:15 Gold Mining
21:53 Husbandry
22:13 Bow Saw
21:56 Stone Mining
22:42 Gold Shaft Mining
35:07 Bodkin Arrow
41:22 Chain Barding Armor
41:45 Iron Casting
48:54 Imperial Age
Connection lost

Rejoining the realm…

Still unreachable

The connection could not be restored.

Session expired

The server has moved on; the page needs a fresh start.